 Dungeon Crawl Stone Soup version 0.19.0-24-gb05acd6 (webtiles) character file.

46 Plasmo the Ducker (level 3, 0/15 HPs)
             Began as a Felid Transmuter on Nov 20, 2016.
             Slain by an adder (1 damage)
             ... on level 2 of the Dungeon.
             The game lasted 00:05:43 (1607 turns).

Plasmo the Ducker (Felid Transmuter)                Turns: 1607, Time: 00:05:44

Health: 0/15       AC:  1    Str:  7    XL:     3   Next: 44%
Magic:  5/7        EV: 18    Int: 14    God:
Gold:   90         SH:  0    Dex: 16    Spells: 1 memorised, 5 levels left
                                        Lives:  0   Deaths: 0

rFire  . . .     SeeInvis +       - Unarmed
rCold  . . .     Gourm    .     (armour unavailable)
rNeg   . . .     Faith    .     (shield unavailable)
rPois  .         Spirit   .     (helmet unavailable)
rElec  .         Reflect  .     (cloak unavailable)
rCorr  .         Harm     .     (gloves unavailable)
MR     .....                    (boots unavailable)
Stlth  +++.......               (no amulet)
                                (no ring)
                                (no ring)

@: appendage, very slightly contaminated, quick
A: no armour, no weapons or thrown items, stealth, claws 1, fangs 3, horns 2,
see invisible, carnivore 3, speed 1, shaggy fur 1, slow metabolism 1, sharp paws
a: End Transformation


You were on level 2 of the Dungeon.
You were very full.
You had grown temporary horns.
You visited 1 branch of the dungeon, and saw 2 of its levels.

You collected 90 gold pieces.

Inventory:

Missiles
 a - 12 arrows
Jewellery
 m - an uncursed ring of ice
 p - an uncursed amulet of rage {unknown}
Wands
 g - a wand of confusion (5/48)
 l - a wand of polymorph (10/24)
Scrolls
 d - a scroll of fear {unknown}
 e - a scroll of enchant weapon {unknown}
 f - 2 scrolls of random uselessness {unknown}
 h - a scroll of teleportation {unknown}
 i - a scroll of immolation {unknown}
 j - 2 scrolls of identify {unknown}
 k - 2 scrolls of remove curse {unknown}
Potions
 n - a potion of might {unknown}
 o - a potion of ambrosia {unknown}
Books
 b - a book of Changes

   Spells                             Type                      Level
   a - Beastly Appendage              Transmutation                1
   b - Sticks to Snakes               Transmutation                2
   c - Spider Form                    Transmutation/Poison         3
   d - Ice Form                       Ice/Transmutation            4
   e - Blade Hands                    Transmutation                5
Comestibles
 c - a meat ration


   Skills:
 * Level 1.5 Fighting
 * Level 3.2 Dodging
 * Level 2.4 Stealth
 * Level 3.1 Unarmed Combat
 * Level 2.3 Spellcasting
 * Level 2.3 Transmutations


You had 5 spell levels left.
You knew the following spells:

 Your Spells              Type           Power        Failure   Level  Hunger
a - Beastly Appendage     Tmut           #.....       12%         1    #......


Dungeon Overview and Level Annotations

Branches:
Dungeon (2/15)

Altars:
Kikubaaqudgha
Uskayaw


Innate Abilities, Weirdness & Mutations

You cannot wear armour.
You are incapable of wielding weapons or throwing items.
Your paws allow you to move quietly. (Stealth)
You have sharp claws.
You have razor-sharp teeth.
You have supernaturally acute eyesight. (SInv)
You are carnivorous and can eat meat at any time.
You cover ground quickly.
You are covered in fur. (AC +1)
You have a slow metabolism.
Your sharp claws are effective at attacking unaware monsters.
You have a pair of horns on your head.


Message History

Zapping:
l - a wand of polymorph (will waste charges)
Press: ? - help, Shift-Dir - straight line, f/p - adder
Aim: an adder (chance to defeat MR: 54%)
The adder resists with significant effort.
Evoking this partially-identified wand wasted a few charges.
The adder misses you.
Casting: Beastly Appendage
Confirm with . or Enter, or press ? or * to list all spells.
You miscast Beastly Appendage.
You are very lightly contaminated with residual magic.
Nothing appears to happen.
The adder misses you.
Casting: Beastly Appendage
Confirm with . or Enter, or press ? or * to list all spells.
You grow a pair of large bovine horns.
The adder completely misses you.
You scratch the adder.
The adder is heavily wounded.
The adder bites you.
* * * LOW HITPOINT WARNING * * *
The adder bites you.
You die...

#.....######### #####.#
##.#........# #..##.#
#.#......).# #..##.#
#.#......(.# ##.##.#
#.########## ####.#)# #.#
##8###⌠###8###.#.####
#.###...........##...†...
#.##8......%....8#.#.###.
##.###...@.......##.#.# #.
#...##..S##⌠##...##.#.# #.
#...##... ####...##...# #.
########...#8... #8...8##..#
#. #..........##...
##...###..# #.
#............... #....# ##>#
#. #.............## #.#### #.#
#.
#<...†........######.####.##.#
#.
#.............#...........##.#
#.


You could see an adder.

Vanquished Creatures
  A dart slug (D:1)
  3 leopard geckos
  5 bats
  9 goblins
  2 hobgoblins
  2 jackals (D:1)
  5 frilled lizards (D:2)
  4 kobolds (D:1)
  10 rats
41 creatures vanquished.

Notes
Turn   | Place    | Note
-------+----------+-------------------------------------------
     0 | D:1      | Plasmo the Felid Transmuter began the quest for the Orb.
     0 | D:1      | Reached XP level 1. HP: 9/9 MP: 4/4
    75 | D:1      | Reached skill level 1 in Stealth
   152 | D:1      | Reached XP level 2. HP: 12/12 MP: 6/6
   954 | D:2      | Reached XP level 3. HP: 15/15 MP: 7/7
  1447 | D:2      | Found an ancient bone altar of Kikubaaqudgha.
  1448 | D:2      | Found a hide-covered altar of Uskayaw.
  1607 | D:2      | Slain by an adder

Skill      XL: |  1  2 |
---------------+-------+-----
Stealth        | 1 2 |  2.4
Dodging        | 3 |  3.2
Fighting       | |  1.5
Unarmed Combat | |  3.1
Spellcasting   | |  2.3
Transmutations | |  2.3

Action                   || total
-------------------------++-------
Melee: Unarmed           ||    92
       Bite              ||     4
 Cast: Beastly Appendage ||     1
Evoke: Wand              ||     5
 Stab: Sleeping          ||    13
       Distracted        ||     1
  Eat: Chunk             ||     8
Armor: Skin              ||     1
Dodge: Dodged            ||    57
